 Dungeon Crawl Stone Soup version 0.25-a0-426-g7d9e569eea (webtiles) character file.

Game seed: 18029043177950448459, levelgen mode: deterministic

646 kae the Changer (level 7, -4/59 HPs)
             Began as a Green Draconian Transmuter on Jan 24, 2020.
             Was a Follower of Uskayaw.
             Slain by a river rat (5 damage)
             ... summoned by Eustachio
             ... on level 5 of the Dungeon.
             The game lasted 00:05:29 (5638 turns).

kae the Changer (Green Draconian Transmuter)        Turns: 5638, Time: 00:05:30

Health: -4/59      AC:  2    Str: 15    XL:     7   Next: 27%
Magic:  9/11       EV: 19    Int: 13    God:    Uskayaw [*.....]
Gold:   137        SH:  0    Dex: 18    Spells: 5/11 levels left

rFire    . . .     SeeInvis .     - Unarmed
rCold    + . .     Gourm    .   (shield currently unavailable)
rNeg     . . .     Faith    .   (armour unavailable)
rPois    x         Spirit   .   (helmet currently unavailable)
rElec    .         Reflect  .   (cloak currently unavailable)
rCorr    .         Harm     .   (gloves currently unavailable)
MR       .....                  (boots currently unavailable)
Stlth    ++........             (no amulet)
HPRegen  0.19/turn              o - +2 ring of strength
MPRegen  0.12/turn              v - ring of protection from cold

@: short of breath, spider-form (expiring)
A: tiny, (breathe noxious fumes), unfitting armour, AC +6
a: End Transformation, Stomp, Renounce Religion


You were on level 5 of the Dungeon.
You worshipped Uskayaw.
Uskayaw was noncommittal.
You were very hungry.
You were a venomous arachnid creature.
You visited 2 branches of the dungeon, and saw 6 of its levels.

You collected 159 gold pieces.
You spent 22 gold pieces at shops.

Inventory:

Hand Weapons
 e - a +0 mace
 i - a +5 dagger (melded)
Missiles
 a - 67 arrows
 f - 6 javelins (quivered)
Armour
 k - a +1 cloak of poison resistance (melded)
Jewellery
 o - a +2 ring of strength (left front leg)
 u - an uncursed amulet of the acrobat {unknown}
 v - a ring of protection from cold (right front leg)
 z - an uncursed ring of protection from magic {unknown}
Wands
 p - a wand of acid (7)
 q - a wand of flame (7)
Scrolls
 r - a scroll of remove curse
 s - 2 scrolls of blinking
 w - a scroll of identify
 x - 2 scrolls of teleportation
 y - a scroll of immolation {unknown}
Potions
 b - a potion of magic
 d - a potion of invisibility
 g - 4 potions of curing
 h - 3 potions of lignification
 j - 2 potions of haste {unknown}
 l - 2 potions of heal wounds {unknown}
 m - a potion of flight {unknown}
 n - a potion of agility {unknown}
 t - a potion of brilliance {unknown}
Comestibles
 c - 7 rations
 A - a chunk of flesh


   Skills:
 + Level 4.1 Fighting
 - Level 1.7 Dodging
 + Level 4.8 Unarmed Combat
 + Level 2.7 Spellcasting
 * Level 5.7 Transmutations


You had 5 spell levels left.
You knew the following spells:

 Your Spells              Type           Power        Failure   Level  Hunger
a - Beastly Appendage     Tmut           ###...       9%          1    #......
b - Sticks to Snakes      Tmut           ###.....     11%         2    ###....
c - Spider Form           Tmut/Pois      #.........   43%         3    ###....

Your spell library contained the following spells:

 Spells                   Type           Power        Failure   Level  Hunger
 Blade Hands              Tmut           ###.......   73%         5    ######.
 Ice Form                 Ice/Tmut       #.......     78%         4    #####..


Dungeon Overview and Level Annotations

Branches:
Dungeon (5/15)             Temple (1/1) D:4

Altars:
Ashenzari
Dithmenos
Elyvilon
Gozag
Kikubaaqudgha
Makhleb
Nemelex Xobeh
Okawaru
Qazlal
Ru
Uskayaw
Vehumet
Wu Jian
Yredelemnul
Zin
The Shining One

Shops:
D:4 %?[

Annotations:
D:5 Eustachio


Innate Abilities, Weirdness & Mutations

((You can breathe blasts of noxious fumes.))
((Your lurid green scales are hard. (AC +6)))
You cannot fit into any form of body armour.
((Your system is resistant to poisons. (rPois)))
((You are cold-blooded and may be slowed by cold attacks.))


Message History

The river rat misses you. Eustachio completely misses you.
You barely miss Eustachio.
Eustachio is moderately wounded.
Your transformation is almost over.
The river rat bites you but does no damage.
You hit Eustachio but do no damage.
Eustachio is poisoned.
Eustachio is moderately wounded.
Eustachio hits you with a +0 rapier.
* * * LOW HITPOINT WARNING * * *
The river rat completely misses you.
You closely miss Eustachio.
Eustachio is moderately wounded.
Eustachio mumbles some strange words.
The river rat completely misses you.
You hit Eustachio.
Eustachio looks as sick as possible!
Eustachio is moderately wounded.
Eustachio hits you with a +0 rapier!
* * * LOW HITPOINT WARNING * * *
The crimson imp blinks!
The river rat bites you.
You die...

................. .).....
..............#.. .......
.......b###.#.... #......
......r.# #.##... #......
.....##.###..#... #......
#### #...##..... #......
###..#.....
#......#############.@r_.##
#......5b@sr...(.###.....#
#......ยง########.......#.#
#...5.... #..@......#
.......### #....#..#....#
######. #.####....##.# ##
.. #....## ... .. .......
... . ....#### . .....


You could see Eustachio, a crimson imp, a river rat, an ufetubus and a bat.

Vanquished Creatures
  An ogre (D:4)
  A phantom (D:4)
  A bullfrog zombie (D:4)
  A hound (D:5)
  An orc priest (D:3)
  An orc wizard (D:4)
  2 centaur skeletons (D:4)
  Terence (D:3)
  Ijyb (D:3)
  A worker ant (D:4)
  A hound skeleton (D:4)
  Robin (D:2)
  7 adders
  2 worms (D:2)
  3 dart slugs
  2 leopard geckos
  12 orcs
  3 ball pythons
  5 giant cockroaches
  11 goblins
  6 hobgoblins
  17 jackals
  A quokka (D:3)
  7 bats
  9 frilled lizards
  A jackal skeleton (D:4)
  10 kobolds
  9 rats
118 creatures vanquished.

Notes
Turn   | Place    | Note
-------+----------+-------------------------------------------
     0 | D:1      | kae the Draconian Transmuter began the quest for the Orb.
     0 | D:1      | Reached XP level 1. HP: 16/16 MP: 3/3
   315 | D:1      | Reached XP level 2. HP: 19/23 MP: 3/5
  1188 | D:1      | Learned a level 2 spell: Sticks to Snakes
  1216 | D:2      | Noticed Robin
  1225 | D:1      | Reached XP level 3. HP: 20/29 MP: 6/6
  1360 | D:1      | Learned a level 3 spell: Spider Form
  1367 | D:2      | Killed Robin
  1367 | D:2      | Reached skill level 3 in Transmutations
  1688 | D:2      | Reached XP level 4. HP: 32/36 MP: 3/7
  2213 | D:2      | Found a sacrificial altar of Ru.
  2636 | D:3      | Reached skill level 4 in Transmutations
  2636 | D:3      | Reached XP level 5. HP: 34/42 MP: 5/8
  2799 | D:3      | Found a basalt altar of Yredelemnul.
  2835 | D:3      | Noticed Terence
  2846 | D:3      | Killed Terence
  3070 | D:3      | Noticed Ijyb
  3092 | D:3      | Killed Ijyb
  3549 | D:4      | Reached XP level 6. HP: 40/51 MP: 5/9
  3762 | D:4      | Reached skill level 5 in Transmutations
  3867 | D:4      | Found a staircase to the Ecumenical Temple.
  3919 | D:4      | Found Xadgh's Magic Scroll Emporium.
  3922 | D:4      | Bought a scroll of identify for 22 gold pieces
  3964 | Temple   | Entered the Ecumenical Temple
  4255 | Temple   | Became a worshipper of Uskayaw the Reveler
  4475 | D:4      | Reached * piety under Uskayaw
  4482 | D:4      | Reached ** piety under Uskayaw
  4504 | D:4      | Found Wuprin's Food Shop.
  4683 | D:4      | Your scales start taking on a lurid green colour.
  4683 | D:4      | Reached XP level 7. HP: 58/58 MP: 4/10
  4683 | D:4      | Gained mutation: Your system is resistant to poisons.
                  | (rPois) [Green Draconian growth]
  5181 | D:4      | Found Qienayli's Armour Shoppe.
  5398 | D:5      | Entered Level 5 of the Dungeon
  5535 | D:5      | Found a burning altar of Makhleb.
  5557 | D:5      | Noticed Eustachio
  5638 | D:5      | HP: 1/59 [Eustachio/+0 rapier (11)]
  5638 | D:5      | Slain by a river rat

Levels and vault maps discovered:
D:1:      lightli_arrival_chessboard, layout_basic, minmay_misc_feat_x,
          minmay_misc_feat_more_columns
D:2:      layout_loops_cross, marbit_many_paths, uniq_robin
D:3:      layout_loops_cross, lemuel_crystal_altar, minmay_checkerbox,
          uniq_ijyb, uniq_terence
D:4:      layout_basic, temple_hall, serial_shops, shop_statue,
          nicolae_shop_waterfront, shop_fountains
D:5:      layout_rooms, bloody_makhleb, first_ration, uniq_duvessa,
          uniq_eustachio
Temple:   oiseaux_autumnal_temple

Skill      XL: |  1  2  3  4  5  6  7 |
---------------+----------------------+-----
Transmutations | 3 4 5 |  5.7
Fighting       | 2 3 4 |  4.1
Unarmed Combat | 4 |  4.8
Dodging        | |  1.7
Spellcasting   | |  2.7

Action                   |  1- 3 |  4- 6 |  7- 9 || total
-------------------------+-------+-------+-------++-------
Melee: Unarmed           |    29 |    38 |    31 ||    98
       Mace              |   109 |    56 |       ||   165
       Kick              |     4 |     8 |       ||    12
       Tailslap          |     9 |    21 |     4 ||    34
       Headbutt          |     4 |    10 |       ||    14
       Punch             |     1 |     1 |     2 ||     4
       Dagger            |       |   123 |    79 ||   202
Throw: Javelin           |       |       |     1 ||     1
 Cast: Beastly Appendage |    18 |    21 |       ||    39
       Spider Form       |     3 |     6 |     4 ||    13
       Sticks to Snakes  |       |     1 |       ||     1
 Abil: Breathe Noxious F |       |       |     3 ||     3
  Use: Scroll            |     1 |    11 |       ||    12
  Eat: Chunk             |     4 |    10 |     4 ||    18
Armor: Skin              |    45 |    76 |    35 ||   156
Dodge: Dodged            |   117 |   175 |    93 ||   385

Table legend:
 A = Non-vault XP
 B = Vault XP
 C = Vault XP percentage of total XP
 D = Non-vault monster count
 E = Vault monster count
 F = Vault count percentage of total count
                 A         B        C        D         E       F
            +---------+---------+-------+---------+---------+-------
      Total |     792 |     132 |  14.3 |     104 |      14 |  11.9
            +---------+---------+-------+---------+---------+-------
        D:1 |      40 |       4 |   9.1 |      26 |       2 |   7.1
        D:2 |      60 |      24 |  28.6 |      17 |       6 |  26.1
        D:3 |     125 |     104 |  45.4 |      25 |       6 |  19.4
        D:4 |     496 |       0 |   0.0 |      23 |       0 |   0.0
        D:5 |      71 |       0 |   0.0 |      13 |       0 |   0.0
            +---------+---------+-------+---------+---------+-------
